 Dungeon Crawl Stone Soup version 0.30-a0-339-g89bb51ec76 (webtiles) character file.

Game seed: 5068719216359299280

11743 p00ps00p the Warrior (level 11, -31/125 HPs)
             Began as a Hill Orc Fighter on Nov 1, 2022.
             Was an Initiate of Gozag.
             Annihilated by a boulder beetle (67 damage)
             ... on level 11 of the Dungeon.
             The game lasted 00:23:52 (12769 turns).

p00ps00p the Warrior (Hill Orc Fighter)            Turns: 12769, Time: 00:23:53

Health: -31/125    AC: 18    Str: 20    XL:     11   Next: 82%
Magic:  0/11       EV: 14    Int:  8    God:    Gozag
Gold:   1461       SH:  5    Dex: 14    Spells: 10/10 levels left

rFire   + + .      SeeInvis .    a - +1 war axe (chaos)
rCold   . . .      Faith    .    c - +0 buckler
rNeg    + . .      Spirit   +    B - +0 ring mail of Tempters {rF++}
rPois   +          Reflect  .    (no helmet)
rElec   .          Harm     .    x - +2 cloak {rPois}
rCorr   .          Rampage  .    H - +2 pair of gloves
Will    .....                    q - +1 pair of boots
Stlth   +.........               k - amulet "Joaprigroj" {Spirit Fly rN+}
HPRegen 0.40/turn                f - +4 ring of evasion
MPRegen 0.12/turn                w - +4 ring of protection

@: flying
A: no striking features
a: Renounce Religion, Potion Petition, Call Merchant, Bribe Branch


You were on level 11 of the Dungeon.
You worshipped Gozag.
Gozag was most pleased with you.
You visited 2 branches of the dungeon, and saw 12 of its levels.

You collected 1904 gold pieces.
You spent 290 gold pieces at shops.
You paid 153 gold pieces to Gozag.

Inventory:

Hand Weapons
 a - a +1 war axe of chaos (weapon)
 K - a +0 broad axe
Missiles
 h - 3 throwing nets (quivered)
 s - 8 curare-tipped darts
 y - 17 poisoned darts
 E - 3 datura-tipped darts
Armour
 c - a +0 buckler (worn)
 q - a +1 pair of boots (worn)
 x - a +2 cloak of poison resistance (worn)
 B - the +0 ring mail of Tempters (worn) {rF++}
   (You found it on level 6 of the Dungeon)

   rF:        It greatly protects you from fire.
 H - a +2 pair of gloves (worn)
 I - +0 swamp dragon scales
 N - a scarf of resistance
Jewellery
 f - a +4 ring of evasion (left hand)
 k - the amulet "Joaprigroj" (around neck) {Spirit Fly rN+}
   (You acquired it on level 2 of the Dungeon)

   [amulet of guardian spirit]

   It causes incoming damage to be divided between your reserves of health and
   magic.
   rN:        It protects you from negative energy.
   Fly:       It grants you flight.
 w - a +4 ring of protection (right hand)
 G - a ring of protection from fire
Wands
 C - a wand of quicksilver (4)
 D - a wand of iceblast (3)
 F - a wand of flame (44)
Scrolls
 b - 3 scrolls of poison
 g - a scroll of identify
 i - 4 scrolls of enchant armour
 j - 4 scrolls of vulnerability
 m - 2 scrolls of amnesia
 r - 2 scrolls of butterflies
 v - 2 scrolls of enchant weapon
 L - a scroll of fear
Potions
 d - a potion of flight {unknown}
 e - 3 potions of heal wounds
 l - a potion of magic {unknown}
 n - 4 potions of curing
 o - 4 potions of attraction
 p - 4 potions of brilliance
 t - a potion of lignification {unknown}
 u - 3 potions of degeneration
 z - 2 potions of resistance
 A - 2 potions of ambrosia {unknown}
 M - a potion of haste {unknown}


   Skills:
 + Level 20.3 Fighting
 - Level 5.0 Axes
 - Level 5.0 Armour
 - Level 5.0 Shields


You had 10 spell levels left.
You didn't know any spells.
Your spell library contained the following spells:

 Spells                   Type           Power      Damage    Failure   Level
 Beastly Appendage        Tmut           0%         N/A       65%         1
 Magic Dart               Conj           0%         1d3       65%         1
 Shock                    Conj/Air       0%         1d3       65%         1
 Summon Small Mammal      Summ           0%         N/A       65%         1
 Blink                    Tloc           0%         N/A       80%         2
 Call Imp                 Summ           0%         N/A       80%         2
 Wereblood                Tmut           0%         N/A       80%         2
 Call Canine Familiar     Summ           0%         N/A       95%         3
 Inner Flame              Hex/Fire       0%         N/A       95%         3
 Mephitic Cloud           Conj/Pois/Air  0%         N/A       95%         3
 Spider Form              Tmut/Pois      0%         N/A       95%         3
 Summon Guardian Golem    Hex/Summ       0%         N/A       95%         3
 Swiftness                Air            0%         N/A       95%         3
 Airstrike                Air            0%         2d(0-16)  100%        4
 Flame Wave               Conj/Fire      0%         2d4       100%        4
 Manifold Assault         Tloc           0%         N/A       100%        4
 Olgreb's Toxic Radiance  Pois           0%         N/A       100%        4
 Sticky Flame             Conj/Fire      0%         2d3       100%        4
 Lightning Bolt           Conj/Air       0%         1d11      100%        5
 Yara's Violent Unravell  Hex/Tmut       0%         3d3       100%        5
 Eringya's Noxious Bog    Tmut/Pois      0%         N/A       100%        6
 Enfeeble                 Hex            0%         N/A       100%        7
 Ozocubu's Refrigeration  Ice            0%         4d7       100%        7
 Storm Form               Tmut/Air       0%         N/A       100%        7
 Ignition                 Fire           0%         3d3       100%        8


Dungeon Overview and Level Annotations

Branches:
Dungeon (11/15)            Temple (1/1) D:7            Lair (0/5) D:9
    Orc (0/2) D:9

Altars:
Ashenzari
Cheibriados
Dithmenos
Elyvilon
Fedhas
Gozag
Hepliaklqana
Kikubaaqudgha
Makhleb
Nemelex Xobeh
Okawaru
Qazlal
Ru
Sif Muna
Trog
Uskayaw
Vehumet
Wu Jian
Xom
Yredelemnul
Zin
The Shining One

Shops:
D:3 :   D:8 !!*(   D:10 (

Annotations:
D:8 6 transporters
D:10 3 runed translucent doors, Palms's ghost, journeyman DjFE


Message History

You hit the boulder beetle.
The boulder beetle is poisoned.
The boulder beetle is moderately wounded.
The boulder beetle barely misses you.
You hit the boulder beetle but do no damage.
The boulder beetle is moderately wounded.
The boulder beetle misses you.
You hit the boulder beetle.
The boulder beetle is moderately wounded.
The boulder beetle bites you. The boulder beetle barely misses you.
You hit the boulder beetle but do no damage.
The boulder beetle is moderately wounded.
The boulder beetle bites you!
You slash the boulder beetle!
The boulder beetle easily resists.
The boulder beetle is heavily wounded.
The boulder beetle leaps!
The boulder beetle looks more healthy.
The boulder beetle curls into a ball and begins rolling!
You hit the boulder beetle but do no damage.
The boulder beetle flickers and vanishes!
Deactivating autopickup; reactivate with Ctrl-A.
Something hits you!
You hit something but do no damage. Something bites you but does no damage.
You hit something but do no damage. Something bites you!
You closely miss something. Something bites you!
You hit something but do no damage. Something bites you!
You block something's attack.
You hit something but do no damage. Something bites you.
You barely miss something. Something bites you but does no damage.
You slash something!
Nothing appears to happen.
Something bites you.
You completely miss something.
You start resting.
Something completely misses you.
You start resting.
Something bites you but does no damage.
You start resting.
Something bites you!!
* * * LOW HITPOINT WARNING * * *
Something hits you!!!!
Ouch! That really hurt!
You die...
Your body crumbles into a pile of gold.

#.# #.#.#. #.##### #.#.#.
#.#>.. #.#.#. #.#.### ..
#.#.#. #.....# ..## #.#.#.
#####.## ..# #.#... ####
#..# #.# #.#...
.......#.####.#######.####
.......#.@................
.......'...°............##
.......#####.#..).......#.
....... #.#..........#.
....... #.#..........#.
#.......# #.........####.
#.......# #.......#......
+.......# .........##..##.
#.......##.........##.....


There were no monsters in sight!

Vanquished Creatures
  A centaur warrior (D:11)
  A two-headed ogre (D:11)
  Erica (D:10)
  An ugly thing (D:11)
  A cyclops (D:11)
  Maggie (D:7)
  2 trolls
  A meliai (D:8)
  A wraith (D:10)
  19 yaks
  6 vampire mosquitoes
  A steam dragon (D:9)
  3 sky beasts
  4 orc warriors
  2 wolves (D:9)
  An ogre (D:6)
  2 phantoms
  10 centaurs
  2 kobold brigands (D:8)
  4 bullfrogs
  5 necrophages
  A gnoll sergeant (D:10)
  4 wights (D:9)
  8 killer bees
  2 electric eels (D:9)
  7 orc priests
  6 hounds
  A jelly (D:4)
  2 gnoll boudas
  Crazy Yiuf (D:3)
  Natasha (thrice) (D:2)
  3 iguanas
  9 orc wizards
  16 gnolls
  8 adders
  2 shadow imps
  A worm (D:2)
  4 dart slugs
  47 orcs
  6 bats
  7 endoplasms
  15 hobgoblins
  4 jackals (D:1)
  6 quokkas
  9 ball pythons
  2 frilled lizards
  5 goblins
  12 kobolds
  5 rats
  A spectral hobgoblin (D:9)
266 creatures vanquished.

Vanquished Creatures (others)
  A hound (D:5)
  5 orcs (D:9)
  A fungus (D:10)
  15 plants
22 creatures vanquished.

Grand Total: 288 creatures vanquished

Notes
Turn   | Place    | Note
-------+----------+-------------------------------------------
     0 | D:1      | p00ps00p the Hill Orc Fighter began the quest for the Orb.
     0 | D:1      | Reached XP level 1. HP: 19/19 MP: 1/1
    93 | D:1      | Found a faded altar of an unknown god.
   112 | D:1      | Reached XP level 2. HP: 27/27 MP: 2/2
   582 | D:1      | You fall into a shaft and drop 1 floor!
   598 | D:2      | Reached skill level 4 in Fighting
   601 | D:2      | Reached XP level 3. HP: 23/33 MP: 3/3
   899 | D:2      | Identified a scroll of acquirement
   899 | D:2      | Acquired the amulet "Joaprigroj" {Spirit Fly rN+}
   923 | D:2      | Reached XP level 4. HP: 40/40 MP: 4/4
  1193 | D:2      | Noticed Natasha
  1206 | D:2      | Killed Natasha
  1532 | D:2      | Noticed Natasha
  1540 | D:2      | Killed Natasha
  1541 | D:2      | Reached XP level 5. HP: 44/47 MP: 5/5
  1576 | D:2      | Noticed Natasha
  1591 | D:2      | Killed Natasha
  1787 | D:3      | Found Ynusimpi's Book Emporium.
  1991 | D:3      | Found a runed translucent door.
  1992 | D:3      | Noticed Crazy Yiuf
  1999 | D:3      | Killed Crazy Yiuf
  2436 | D:3      | Reached skill level 5 in Fighting
  2436 | D:3      | Reached XP level 6. HP: 37/56 MP: 3/6
  2785 | D:4      | Reached skill level 5 in Axes
  2993 | D:4      | Reached skill level 5 in Armour
  2993 | D:4      | Reached skill level 5 in Shields
  3199 | D:4      | Reached XP level 7. HP: 55/62 MP: 5/7
  3322 | D:4      | Reached skill level 6 in Fighting
  3354 | D:5      | Entered Level 5 of the Dungeon
  3469 | D:5      | Reached skill level 7 in Fighting
  3797 | D:5      | Reached skill level 8 in Fighting
  3831 | D:5      | Reached XP level 8. HP: 64/77 MP: 8/8
  4152 | D:5      | Reached skill level 9 in Fighting
  4527 | D:6      | Found a white marble altar of Elyvilon.
  4551 | D:6      | Found a radiant altar of Vehumet.
  4555 | D:6      | Found a stormy altar of Qazlal.
  4557 | D:6      | Found a glowing silver altar of Zin.
  4568 | D:6      | Found a sacrificial altar of Ru.
  4597 | D:6      | Identified the +0 ring mail of Tempters {rF++}
  4629 | D:6      | Reached skill level 10 in Fighting
  4992 | D:7      | Reached skill level 11 in Fighting
  5225 | D:7      | Noticed Maggie
  5245 | D:7      | Killed Maggie
  5246 | D:7      | Reached skill level 12 in Fighting
  5246 | D:7      | Reached XP level 9. HP: 80/91 MP: 7/9
  5687 | D:7      | Found a staircase to the Ecumenical Temple.
  5730 | Temple   | Entered the Ecumenical Temple
  5740 | Temple   | Became a worshipper of Gozag Ym Sagoz the Greedy
  6369 | D:8      | Reached skill level 13 in Fighting
  6383 | D:8      | Noticed a meliai
  6385 | D:8      | Noticed a meliai
  6386 | D:8      | Noticed a meliai
  6392 | D:8      | Found a transporter.
  6392 | D:8      | Found Xene's General Store.
  6704 | D:8      | Found a transporter.
  6763 | D:8      | Found an iron altar of Okawaru.
  6768 | D:8      | Found a transporter.
  6772 | D:8      | Found a transporter.
  7187 | D:8      | Found Wabipere's Distillery.
  7274 | D:8      | Bought 2 potions of heal wounds for 150 gold pieces
  7389 | D:8      | Found a broken altar of Ashenzari.
  7401 | D:8      | Killed a meliai
  7447 | D:8      | Found Qicodug's Distillery.
  7456 | D:8      | Bought a potion of heal wounds for 70 gold pieces
  7456 | D:8      | Bought a potion of berserk rage for 70 gold pieces
  7467 | D:8      | Found a transporter.
  7472 | D:8      | Found a transporter.
  7583 | D:8      | Reached skill level 14 in Fighting
  7766 | D:8      | Found Zedwi's Antique Weapon Boutique.
  8115 | D:9      | Noticed a troll
  8129 | D:8      | Killed a troll
  8130 | D:8      | Reached skill level 15 in Fighting
  8130 | D:8      | Reached XP level 10. HP: 82/105 MP: 6/10
  8289 | D:9      | Found a staircase to the Orcish Mines.
  8560 | D:9      | Found a staircase to the Lair.
  8571 | D:9      | Reached skill level 16 in Fighting
  9087 | D:9      | Reached skill level 17 in Fighting
  9195 | D:9      | Noticed a centaur warrior
  9459 | D:9      | Found a hazy altar of Hepliaklqana.
  9711 | D:10     | Entered Level 10 of the Dungeon
  9991 | D:10     | Found a runed translucent gate.
  9995 | D:10     | Noticed a kobold demonologist
 10059 | D:10     | Reached skill level 18 in Fighting
 10059 | D:10     | Reached XP level 11. HP: 111/119 MP: 9/11
 10094 | D:10     | Got the Octavo of the Squall and the Snake
 10268 | D:10     | Noticed Erica
 10284 | D:10     | Killed Erica
 10399 | D:10     | Found Duxiu's Weapon Boutique.
 10508 | D:10     | Found a runed translucent gate.
 10509 | D:10     | Found a runed translucent gate.
 10531 | D:10     | Noticed Palms's ghost (journeyman DjFE)
 10643 | D:10     | Reached skill level 19 in Fighting
 10859 | D:11     | Noticed a centaur warrior
 11245 | D:11     | Killed a centaur warrior
 11409 | D:11     | Noticed a two-headed ogre
 11417 | D:11     | Killed a two-headed ogre
 11559 | D:11     | Noticed a white ugly thing
 11572 | D:11     | Killed a white ugly thing
 11860 | D:11     | Reached skill level 20 in Fighting
 11998 | D:11     | Noticed a cyclops
 12003 | D:11     | Killed a cyclops
 12730 | D:11     | Noticed a boulder beetle
 12769 | D:11     | Annihilated by a boulder beetle

Illustrated notes

Levels and vault maps discovered:
D:1:      ncdulo_watergridlock, layout_loops_ring,
          hellmonk_ecumenical_altar_heavens_door
D:2:      layout_basic, minivault_14, minmay_joined_circles, uniq_natasha
D:3:      layout_loops_ring, serial_shops, shop, serial_glass, glass_columns_b,
          glass_columns_a, nicolae_grassy_gnolls, uniq_crazy_yiuf_cottage
D:4:      layout_basic, kennysheep_potato
D:5:      layout_cave_pods, kennysheep_generic_room_7
D:6:      layout_basic, elyvilon_altar_5, nicolae_overflow_quartered_altars
D:7:      layout_loops_corners, minmay_temple_entry_junction_2,
          minmay_misc_feat_diagonals, kennysheep_donut, uniq_maggie
D:8:      layout_gridville, ashenzari_altar_1, lemuel_doored_altar,
          serial_shops, kennysheep_mini, nicolae_shop_statue_plus,
          shop_fountains, shop, serial_nicolae_subway,
          nicolae_sub_station_crystal, nicolae_sub_station_metal,
          nicolae_sub_station_stone
D:9:      layout_basic, nicolae_hepliaklqana_monster_ancestors,
          erik_lair_island, hiddenorc2_lemuel, kennysheep_small_spiral,
          lightli_corner_chamber
D:10:     layout_roguey, gammafunk_ghost_nasty_kobolds, serial_shops, shop,
          billiards_dpeg, uniq_erica
D:11:     layout_basic
Temple:   dpeg_chambers_temple

Skill      XL: |  1  2  3  4  5  6  7  8  9 10 11 |
---------------+----------------------------------+-----
Axes           | 3 4 5 |  5.0
Fighting       | 4 5 8 12 15 18 20 | 20.3
Shields        | 4 5 |  5.0
Armour         | 4 5 |  5.0

Action                   |  1- 3 |  4- 6 |  7- 9 | 10-12 || total
-------------------------+-------+-------+-------+-------++-------
Melee: War axe           |    87 |   160 |   272 |   402 ||   921
Evoke: Wand              |       |       |     3 |     4 ||     7
  Use: Scroll            |     6 |     1 |    11 |     4 ||    22
       Potion            |       |       |     3 |     4 ||     7
 Stab: Petrified         |       |       |       |     6 ||     6
       Confused          |       |       |       |     6 ||     6
       Petrifying        |       |       |       |     2 ||     2
       Distracted        |       |       |       |     5 ||     5
       Invisible         |       |       |       |     1 ||     1
       Paralysed         |       |       |       |     2 ||     2
Armor: Scale mail        |    62 |    80 |    68 |       ||   210
       Ring mail         |       |       |   128 |   242 ||   370
Dodge: Dodged            |    69 |   121 |   220 |   337 ||   747
Block: Buckler           |    29 |    49 |    86 |   123 ||   287

Table legend: (Time is in decaauts)
 A = Elapsed time spent in this place.
 B = Non-inter-level travel time spent in this place.
 C = Inter-level travel time spent in this place.
 D = Time resting spent in this place.
 E = Time spent auto-exploring this place.
 F = Levels seen in this place.
 G = Mean time per level.
                   A        B        C        D        E       F      G
               +--------+--------+--------+--------+--------+-----+--------+
         Total |  13099 |  12752 |    347 |   2675 |   7330 |  12 | 1091.6 |
       Dungeon |  12871 |  12547 |    324 |   2675 |   7148 |  11 | 1170.1 |
        Temple |    227 |    204 |     23 |      0 |    182 |   1 |  227.0 |
               +--------+--------+--------+--------+--------+-----+--------+

Top non-repeatable levels by time:
     D:9: 1878 daAuts
    D:11: 1745 daAuts
     D:7: 1554 daAuts
    D:10: 1407 daAuts
     D:2: 1200 daAuts
     D:8: 1187 daAuts
     D:5: 1057 daAuts
     D:3: 957 daAuts
     D:1: 670 daAuts
     D:4: 648 daAuts
     D:6: 564 daAuts
  Temple: 227 daAuts
